 Dungeon Crawl Stone Soup version 0.21.1-1-g345015f (webtiles) character file.

2583 kaesh the Ruffian (level 9, 0/92 HPs)
             Began as a Troll Monk on Feb 25, 2018.
             Was a Believer of Qazlal.
             Slain by KMICIC's ghost (1 damage)
             ... on level 7 of the Dungeon.
             The game lasted 00:13:15 (4381 turns).

kaesh the Ruffian (Troll Monk)                      Turns: 4381, Time: 00:13:15

Health: 0/92       AC:  7    Str: 24    XL:     9   Next: 32%
Magic:  8/8        EV: 13    Int:  6    God:    Qazlal [**....]
Gold:   317        SH:  3    Dex: 12    Spells: 8/8 levels left

rFire    . . .     SeeInvis .     - Unarmed
rCold    . . .     Gourm    +   (no shield)
rNeg     . . .     Faith    .   a - +1 robe
rPois    +         Spirit   .   (helmet restricted)
rElec    .         Reflect  .   v - +0 cloak
rCorr    .         Harm     .   (gloves unavailable)
MR       .....                  (boots unavailable)
Stlth    ++........             (no amulet)
HPRegen  0.65/turn              f - ring of poison resistance
MPRegen  0.11/turn              c - ring of stealth

@: drained
A: large, unfitting armour, claws 3, fast metabolism 3, gourmand, regeneration
1, shaggy fur 1, tough skin 2
a: Upheaval, Renounce Religion


You were on level 7 of the Dungeon.
You worshipped Qazlal.
Qazlal was pleased with you.
You were very full.

You visited 2 branches of the dungeon, and saw 8 of its levels.

You collected 317 gold pieces.

Inventory:

Armour
 a - a +1 robe (worn)
 g - a +2 robe of the Archmagi
 v - a +0 cloak (worn)
Jewellery
 c - a ring of stealth (right claw)
 f - a ring of poison resistance (left claw)
Wands
 l - a wand of enslavement (18)
 t - a wand of random effects (20)
 w - a wand of disintegration (12)
Scrolls
 d - a scroll of fog
 i - 4 scrolls of identify
 j - a scroll of amnesia
 k - 3 scrolls of enchant armour
 m - a scroll of remove curse
 n - 3 scrolls of blinking
 p - 4 scrolls of enchant weapon
 q - a scroll of magic mapping
 r - a scroll of teleportation
Potions
 e - 5 potions of curing
 o - 2 potions of flight
 s - a potion of berserk rage
Books
 h - a book of Party Tricks

   Spells                             Type                      Level
   a - Summon Butterflies             Summoning                    1
   b - Apportation                    Translocation                1
   c - Lesser Beckoning               Translocation                3
   d - Tukima's Dance                 Hexes                        3
   e - Alistair's Intoxication        Transmutation/Poison         5
   f - Invisibility                   Hexes                        6
 u - a book of Conjurations

   Spells                             Type                      Level
   a - Magic Dart                     Conjuration                  1
   b - Searing Ray                    Conjuration                  2
   c - Dazzling Spray                 Conjuration/Hexes            3
   d - Fulminant Prism                Conjuration/Hexes            4
   e - Force Lance                    Conjuration/Translocation    4
   f - Iskenderun's Mystic Blast      Conjuration                  4
Comestibles
 b - 15 rations


   Skills:
 + Level 6.6(6.4) Fighting
 + Level 6.6(6.4) Dodging
 - Level 1.0(0.8) Stealth
 + Level 7.9(7.7) Unarmed Combat


You had 8 spell levels left.
You didn't know any spells.

Dungeon Overview and Level Annotations

Branches:
Dungeon (7/15)             Temple (1/1) D:6

Altars:
Cheibriados
Kikubaaqudgha
Makhleb
Qazlal
Uskayaw
Vehumet
Wu Jian
Xom

Shops:
D:4 [

Annotations:
D:7 KMICIC's ghost, novice MiBe


Innate Abilities, Weirdness & Mutations

You are too large for most types of armour.
You have claws for hands.
Your metabolism is lightning-fast.
You like to eat raw meat.
Your natural rate of healing is unusually fast.
You are covered in fur. (AC +1)
You have very tough skin. (AC +2)


Message History

KMICIC's ghost is lightly damaged.
KMICIC's ghost barely misses you.
You closely miss KMICIC's ghost.
KMICIC's ghost is lightly damaged.
You block KMICIC's ghost's attack.
You scratch KMICIC's ghost.
KMICIC's ghost is moderately damaged.
KMICIC's ghost closely misses you.
You claw KMICIC's ghost!
KMICIC's ghost is moderately damaged.
KMICIC's ghost hits you!
* * * LOW HITPOINT WARNING * * *
KMICIC's ghost freezes you.
* * * LOW HITPOINT WARNING * * *
You scratch KMICIC's ghost but do no damage.
KMICIC's ghost is moderately damaged.
KMICIC's ghost hits you.
* * * LOW HITPOINT WARNING * * *
KMICIC's ghost freezes you.
You die...

#. ..#
####.###..
#.........###
##.#.........
..........#.###.
...............
.......W...#
#.#...@ยง#.###.
#......$...[..
###.##)##.####
#.##)##.#
#..))...# ##
##.....## ...
#.#.#.# ## ###
##.##.#.#.##...
..#
.............#


You could see KMICIC's ghost.

Vanquished Creatures
  Grinder (D:3)
  Sigmund (D:3)
  An ice beast (D:5)
  5 ogres
  A bullfrog (D:6)
  2 scorpions
  A water moccasin skeleton (D:5)
  3 wights (D:7)
  3 vampire bats (D:6)
  2 howler monkeys (D:7)
  A quasit (D:5)
  2 jellies (D:6)
  3 orc priests (D:4)
  A bullfrog skeleton (D:4)
  4 hounds
  8 orc wizards
  The ghost of inc the Vexing, a weakling FeEn (D:3)
  3 iguanas
  Natasha (thrice) (D:3)
  Terence (D:2)
  6 worker ants
  A hound zombie (D:6)
  2 hound skeletons
  13 adders
  An adder zombie (D:6)
  5 worms
  4 dart slugs (D:1)
  3 leopard geckos
  11 orcs
  8 bats
  4 bat skeletons (D:6)
  3 bat zombies (D:6)
  2 giant cockroaches
  10 goblins
  7 hobgoblins
  9 kobolds
  A quokka (D:3)
  A ball python (D:3)
  2 frilled lizards
  A quokka skeleton (D:4)
  A quokka zombie (D:5)
  8 rats
150 creatures vanquished.

Notes
Turn   | Place    | Note
-------+----------+-------------------------------------------
     0 | D:1      | kaesh the Troll Monk began the quest for the Orb.
     0 | D:1      | Reached XP level 1. HP: 22/22 MP: 0/0
    78 | D:1      | Reached XP level 2. HP: 25/29 MP: 1/1
   251 | D:1      | Reached XP level 3. HP: 36/36 MP: 2/2
   615 | D:2      | Noticed Terence
   625 | D:2      | Killed Terence
   625 | D:2      | Reached XP level 4. HP: 44/45 MP: 3/3
   887 | D:2      | Found a transporter.
   888 | D:2      | Found a snail-covered altar of Cheibriados.
   894 | D:2      | Found a transporter.
  1141 | D:2      | Reached skill level 4 in Unarmed Combat
  1503 | D:3      | Noticed Natasha
  1515 | D:3      | Killed Natasha
  1515 | D:3      | Reached XP level 5. HP: 50/53 MP: 4/4
  1551 | D:3      | Noticed inc's ghost (weakling FeEn)
  1557 | D:3      | Killed inc's ghost
  1645 | D:3      | Noticed Sigmund
  1645 | D:3      | Noticed Natasha
  1675 | D:3      | Killed Natasha
  1690 | D:3      | Killed Sigmund
  1690 | D:3      | Reached skill level 5 in Unarmed Combat
  1690 | D:3      | Reached XP level 6. HP: 24/62 MP: 5/5
  1694 | D:3      | Noticed Natasha
  1700 | D:3      | Killed Natasha
  1829 | D:3      | Noticed Grinder
  1837 | D:3      | Killed Grinder
  1837 | D:3      | Reached XP level 7. HP: 71/71 MP: 6/6
  2238 | D:4      | Reached skill level 5 in Fighting
  2238 | D:4      | Reached skill level 5 in Dodging
  2238 | D:4      | Reached skill level 6 in Unarmed Combat
  2396 | D:4      | Reached XP level 8. HP: 80/80 MP: 7/7
  2627 | D:4      | Found Bacoav's Antique Armour Emporium.
  2758 | D:5      | Entered Level 5 of the Dungeon
  3522 | D:6      | Reached skill level 7 in Unarmed Combat
  3642 | D:6      | Found an ancient bone altar of Kikubaaqudgha.
  3712 | D:6      | Found a burning altar of Makhleb.
  3716 | D:6      | Reached XP level 9. HP: 84/89 MP: 8/8
  4073 | D:6      | Found a staircase to the Ecumenical Temple.
  4085 | Temple   | Entered the Ecumenical Temple
  4098 | Temple   | Became a worshipper of Qazlal Stormbringer
  4098 | Temple   | Reached * piety under Qazlal
  4098 | Temple   | Reached ** piety under Qazlal
  4365 | D:7      | Noticed KMICIC's ghost (novice MiBe)
  4380 | D:7      | HP: 4/92 [KMICIC's ghost (14)]
  4381 | D:7      | HP: 1/92 [KMICIC's ghost (3)]
  4381 | D:7      | Slain by KMICIC's ghost

Skill      XL: |  1  2  3  4  5  6  7  8 |
---------------+-------------------------+-----
Fighting       | 3 4 5 6 |  6.6
Dodging        | 3 4 5 6 |  6.6
Unarmed Combat | 4 5 6 7 |  7.9
Stealth        | |  1.0

Action                   |  1- 3 |  4- 6 |  7- 9 || total
-------------------------+-------+-------+-------++-------
Melee: Unarmed           |    61 |   115 |   237 ||   413
       Punch             |       |     3 |    10 ||    13
  Use: Scroll            |     3 |     6 |     2 ||    11
       Potion            |       |     5 |     3 ||     8
 Stab: Sleeping          |     1 |     1 |     7 ||     9
  Eat: Chunk             |    11 |    11 |    23 ||    45
Armor: Robe              |    35 |    22 |    51 ||   108
Dodge: Dodged            |    36 |    53 |   126 ||   215
Block: Other             |       |       |     4 ||     4
